 Dungeon Crawl Stone Soup version 0.25-a0-513-ge77a69270c (webtiles) character file.

Game seed: 4670001294188710127, levelgen mode: deterministic

504 kae the Insei (level 6, -1/49 HPs)
             Began as a Demonspawn Gladiator on Feb 16, 2020.
             Was an Initiate of Wu Jian.
             Slain by a gnoll
             ... wielding a +0 whip
              (12 damage)
             ... on level 5 of the Dungeon.
             The game lasted 00:03:05 (4735 turns).

kae the Insei (Demonspawn Gladiator)                Turns: 4735, Time: 00:03:06

Health: -1/49      AC:  9    Str: 15    XL:     6   Next: 96%
Magic:  6/6        EV: 13    Int: 12    God:    Wu Jian [......]
Gold:   214        SH:  4    Dex: 16    Spells: 5/5 levels left

rFire    . . .     SeeInvis .     - Unarmed
rCold    . . .     Gourm    .   (no shield)
rNeg     . . .     Faith    .   a - +1 leather armour
rPois    .         Spirit   .   b - +0 helmet
rElec    .         Reflect  .   t - +2 cloak
rCorr    .         Harm     +   (no gloves)
MR       .....                  o - +0 pair of boots (curse)
Stlth    +.........             k - amulet of harm
HPRegen  0.16/turn              f - +3 ring of intelligence
MPRegen  0.10/turn              (no ring)

@: no status effects
A: large bone plates 1
a: Renounce Religion


You were on level 5 of the Dungeon.
You worshipped Wu Jian.
Wu Jian was noncommittal.
You were very hungry.

You visited 1 branch of the dungeon, and saw 5 of its levels.

You collected 214 gold pieces.

Inventory:

Missiles
 c - 4 throwing nets (quivered)
Armour
 a - a +1 leather armour (worn)
 b - a +0 helmet (worn)
 o - a cursed +0 pair of boots (worn)
 t - a +2 cloak (worn)
Jewellery
 f - a +3 ring of intelligence (left hand)
 k - an amulet of harm (around neck)
 s - an uncursed ring of flight {unknown}
Wands
 i - a wand of iceblast (5)
Scrolls
 e - 2 scrolls of enchant weapon {unknown}
 j - 2 scrolls of teleportation
 l - a scroll of remove curse
 n - a scroll of magic mapping {unknown}
 p - 3 scrolls of identify
Potions
 g - a potion of might
 h - 2 potions of brilliance
 m - 3 potions of curing
 q - a potion of berserk rage {unknown}
 r - 2 potions of cancellation {unknown}
 u - a potion of heal wounds {unknown}
Comestibles
 d - 12 rations


   Skills:
 + Level 4.6 Fighting
 - Level 1.7 Throwing
 - Level 2.6 Dodging
 * Level 6.1 Unarmed Combat


You had 5 spell levels left.
You didn't know any spells.
Your spell library was empty.

Dungeon Overview and Level Annotations

Branches:
Dungeon (5/15)             Temple (0/1) D:5

Altars:
Dithmenos
Qazlal
Wu Jian


Innate Abilities, Weirdness & Mutations

You are partially covered in large bone plates. (SH +4)


Message History

You are too injured to fight recklessly!
You are too injured to fight recklessly!
You are too injured to fight recklessly!
You hit the gnoll but do no damage.
The gnoll is almost dead.
The gnoll hits you with a +0 whip. The gnoll barely misses you. x2
You barely miss the gnoll. Your punch misses the gnoll.
The gnoll is almost dead.
The gnoll hits you with a +0 whip. The gnoll hits you but does no damage.
The gnoll hits you with a +0 halberd.
* * * LOW HITPOINT WARNING * * *
You hit the gnoll.
You kill the gnoll!
The Council accepts your kill. The gnoll completely misses you.
The gnoll misses you. You block the gnoll's attack.
There is a stone staircase leading up here.
The gnoll hits you with a +0 whip!
You die...

#.#..[.........#.# ##......
#.'............#.# +......
###............#.# #......
##############.#.##.#......
.... .............#......
....###########.#.########'#
................#.# #.#
................#.# #.#
..........g@....#.# #.#
................#.# ###
......†..g......#.# #
......)$........#.# #
................# ..
................# .⌠.
................# ....
....#....###....# ####
#####....# ....#


You could see 2 gnolls.

Vanquished Creatures
  2 ogres (D:4)
  A hound (D:5)
  3 orc wizards (D:4)
  A worker ant (D:4)
  6 adders
  2 gnolls (D:5)
  A shadow imp (D:5)
  2 oozes
  A worm (D:4)
  2 dart slugs
  4 leopard geckos
  9 orcs
  4 ball pythons
  6 giant cockroaches
  7 goblins
  10 hobgoblins
  6 jackals
  A quokka (D:3)
  10 bats
  7 frilled lizards
  8 kobolds
  5 rats
98 creatures vanquished.

Notes
Turn   | Place    | Note
-------+----------+-------------------------------------------
     0 | D:1      | kae the Demonspawn Gladiator began the quest for the Orb.
     0 | D:1      | Reached XP level 1. HP: 16/16 MP: 1/1
   138 | D:1      | Reached skill level 3 in Unarmed Combat
   158 | D:1      | Gained mutation: You are partially covered in large bone
                  | plates. (SH +4) [demonic ancestry]
   158 | D:1      | Reached XP level 2. HP: 20/22 MP: 2/2
   693 | D:1      | Reached XP level 3. HP: 20/28 MP: 3/3
   888 | D:2      | Found a shadowy altar of Dithmenos.
  1507 | D:2      | Reached XP level 4. HP: 27/34 MP: 4/4
  1510 | D:2      | Reached skill level 4 in Unarmed Combat
  1656 | D:2      | You fall into a shaft and drop 2 floors!
  1857 | D:4      | Noticed an ogre
  1858 | D:4      | Noticed an ogre
  1873 | D:4      | Killed an ogre
  1873 | D:4      | Reached XP level 5. HP: 10/41 MP: 5/5
  1911 | D:4      | Reached skill level 5 in Unarmed Combat
  2524 | D:4      | HP: 2/42 [orc wizard/magic dart (7)]
  2525 | D:4      | Reached XP level 6. HP: 2/48 MP: 6/6
  3926 | D:3      | Found a stormy altar of Qazlal.
  4473 | D:2      | Found an ornate altar of the Wu Jian Council.
  4481 | D:2      | Became a worshipper of the Wu Jian Council
  4543 | D:5      | Entered Level 5 of the Dungeon
  4590 | D:5      | Found a staircase to the Ecumenical Temple.
  4612 | D:5      | Reached skill level 6 in Unarmed Combat
  4735 | D:5      | Slain by a gnoll

Levels and vault maps discovered:
D:1:      heliophobic_arrival_battle_scene, layout_basic
D:2:      minmay_general_purpose_star, layout_basic, lemuel_crystal_altar,
          lemuel_coloured_pillars_altar, first_ration
D:3:      layout_loops_cross, lemuel_doored_altar
D:4:      layout_layer_cave
D:5:      layout_basic, cheibrodos_worm_habitat, minmay_temple_entry_junction,
          st_stairs_14, minivault_26, fedhas_altar_2, uniq_eustachio

Skill      XL: |  1  2  3  4  5  6 |
---------------+-------------------+-----
Unarmed Combat | 3 4 5 6 |  6.1
Fighting       | 3 4 |  4.6
Throwing       | |  1.7
Dodging        | |  2.6

Action                   |  1- 3 |  4- 6 || total
-------------------------+-------+-------++-------
Melee: Unarmed           |   173 |   193 ||   366
       Punch             |     5 |     3 ||     8
Invok: Lunge             |       |     2 ||     2
Evoke: Wand              |       |     3 ||     3
  Use: Scroll            |       |     9 ||     9
       Potion            |       |     2 ||     2
 Stab: Sleeping          |     1 |     1 ||     2
       Distracted        |       |     1 ||     1
  Eat: Chunk             |     1 |    10 ||    11
Armor: Leather armour    |    41 |    37 ||    78
Dodge: Dodged            |    95 |   100 ||   195
Block: Other             |    32 |    31 ||    63

Table legend:
 A = Non-vault XP
 B = Vault XP
 C = Vault XP percentage of total XP
 D = Non-vault monster count
 E = Vault monster count
 F = Vault count percentage of total count
                 A         B        C        D         E       F
            +---------+---------+-------+---------+---------+-------
      Total |     715 |       6 |   0.8 |      94 |       4 |   4.1
            +---------+---------+-------+---------+---------+-------
        D:1 |      47 |       0 |   0.0 |      23 |       0 |   0.0
        D:2 |      47 |       6 |  11.3 |      19 |       4 |  17.4
        D:3 |     113 |       0 |   0.0 |      32 |       0 |   0.0
        D:4 |     412 |       0 |   0.0 |      15 |       0 |   0.0
        D:5 |      96 |       0 |   0.0 |       5 |       0 |   0.0
            +---------+---------+-------+---------+---------+-------
